cohdb
Replays
Latest Replays
All Replays
Popular Replays
Top Player Replays
Match Explorer
How It Works
Community
CoH3 Stats
Reddit
Sign in to upload your games and track your stats! →
Sign in with Steam
Match 45618352
Unlisted
Match 45618352
Overview
Messages
Build Orders
End
Construct Barracks
Scout Squad
1⁄4-ton 4x4 Truck
Riflemen Squad
M1 Mortar Team
Riflemen Squad
Infantry Support Center
Construct Weapon Support Center
Selects Special Operations Battlegroup
Selects Raiding Flares
1⁄4-ton 4x4 Truck
M3 Armored Personnel Carrier
Selects SSF Commando Squad
M3 Armored Personnel Carrier
Raiding Flares
Grenade Package
Engineer Squad
SSF Commando Squad
Construct Tank Depot
Selects Air Re-supply Operation
Selects M29 Weasel with M1 Pack Howitzer
Selects Mark Vehicle
Selects UNKNOWN (2162291)
M4A1 Sherman Whizbang
SSF Commando Squad
Raiding Flares
M18 Hellcat Tank Destroyer
Garzet
[CyPu]Lord Chaos
T.R. Olvadi
Makros
0
0
Comments
sign in to comment!
No comments posted yet!